[Event "Titled Tuesday Blitz January 17 Early 2023"]
[White "Lauridsen, Jesper Morch"]
[Black "Demchenko, Anton"]
[WhiteFideId "1401890"]
[BlackFideId "4160258"]
[WhiteElo "2309"]
[BlackElo "2623"]
[Result "0-1"]
[Round "04"]
[TimeControl "180+2"]
[Date "2023.01.17"]
[WhiteClock "0:00:03"]
[BlackClock "0:00:33"]

1. e4 c5 2. Nf3 d6 3. d4 cxd4 4. Nxd4 Nf6 5. Nc3 Nc6 6. Bc4 Bd7 7. Bb3 e6 8. Be3 a6 9. Qe2 b5 10. O-O-O Na5 11. g4 b4 12. Na4 Nxb3+ 13. axb3 Bxa4 14. bxa4 Nxe4 15. Qc4 Qc8 16. Nc6 d5 17. Rxd5 exd5 18. Qxd5 Qe6 19. Qxe6+ fxe6 20. Re1 Nf6 21. g5 Nd5 22. Bd4 Kf7 23. Ne5+ Kg8 24. Ng4 Re8 25. Rg1 Be7 26. Nh6+ gxh6 27. gxh6+ Kf7 28. Rg7+ Kf8 29. Rg1 Rg8 30. Bg7+ Kf7 31. Rg3 Bf6 32. Rf3 Rxg7 0-1


[Site "https://www.chess.com"]

[Event "Titled Tuesday Blitz January 17 Early 2023"]
[White "Zhigalko, Sergei"]
[Black "Vovk, Orest"]
[WhiteFideId "13502956"]
[BlackFideId "14113490"]
[WhiteElo "2572"]
[BlackElo "2315"]
[Result "1-0"]
[Round "04"]
[TimeControl "180+2"]
[Date "2023.01.17"]
[WhiteClock "0:00:15"]
[BlackClock "0:01:33"]

1. e4 g5 2. d4 g4 3. Nc3 Bg7 4. Be3 d6 5. Nge2 c6 6. Nf4 h5 7. Bc4 Qb6 8. O-O Qxb2 9. Qd3 Qa3 10. Rab1 Nd7 11. e5 dxe5 12. Bxf7+ Kf8 13. Ne6+ Kxf7 14. Ng5+ 1-0


[Site "https://www.chess.com"]

[Event "Titled Tuesday Blitz January 17 Early 2023"]
[White "Bosnjak, Petar"]
[Black "Demidov, Mikhail"]
[WhiteFideId "14532581"]
[BlackFideId "4197143"]
[WhiteElo "2337"]
[BlackElo "2583"]
[Result "1/2-1/2"]
[Round "04"]
[TimeControl "180+2"]
[Date "2023.01.17"]
[WhiteClock "0:00:22"]
[BlackClock "0:00:07"]

1. d4 Nf6 2. c4 c5 3. dxc5 e6 4. Nc3 Bxc5 5. Nf3 Nc6 6. e3 d5 7. cxd5 exd5 8. Be2 O-O 9. O-O Re8 10. b3 a6 11. Bb2 Bd6 12. Rc1 Bc7 13. Na4 Qd6 14. Bxf6 Qxf6 15. Qxd5 Bg4 16. h3 Rad8 17. Qc5 Be6 18. Qg5 Qxg5 19. Nxg5 Rd2 20. Nxe6 Rxe6 21. Bg4 Re7 22. Rfd1 Rxd1+ 23. Rxd1 g6 24. Bf3 Nd8 25. Nc3 Re6 26. Rd7 Bb6 27. Nd5 Ba5 28. b4 Nc6 29. bxa5 Nxa5 30. e4 b5 31. Rd8+ Kg7 32. Ra8 Nc4 33. Nc7 Rd6 34. Nxa6 Rd2 35. Nc7 Rb2 36. Rb8 Nd2 37. h4 b4 38. Rb7 h5 39. Nd5 Rxa2 40. Nxb4 Rb2 41. e5 Kg8 42. Rb8+ Kg7 43. Nc6 Rc2 44. Rb7 Nxf3+ 45. gxf3 Rxc6 46. f4 Kf8 47. Rb4 Ke7 48. Kg2 Ke6 49. Kf3 Kf5 50. Rd4 Rc3+ 51. Kg2 Rc7 52. f3 Rc1 53. Rd6 Kxf4 54. Rf6+ Kxe5 55. Rxf7 Rc6 56. Kg3 Rf6 57. Re7+ Kf5 58. Ra7 Re6 59. Ra5+ Re5 60. Ra6 Re6 61. Ra8 Rc6 62. Rf8+ Ke5 63. Rf7 Rd6 64. Re7+ Kf5 65. Re4 Rd1 66. Rf4+ Ke5 67. Ra4 Kf5 68. Ra5+ Kf6 69. Kf4 Rd4+ 70. Kg3 Rd1 71. Ra6+ Kf5 72. Ra4 Rg1+ 73. Kf2 Rh1 74. Kg3 Rg1+ 75. Kh3 Rf1 76. Kg2 Rc1 77. Ra5+ Kf4 78. Rg5 Rc2+ 79. Kh3 Rc6 80. Kg2 Rd6 81. Rg3 Rd2+ 82. Kh3 Rd6 83. Kg2 Ke3 84. Rg5 Kf4 85. Rg3 1/2-1/2


[Site "https://www.chess.com"]

[Event "Titled Tuesday Blitz January 17 Early 2023"]
[White "Ozen, Bahadir"]
[Black "Musovic, Armin"]
[WhiteFideId "6337058"]
[BlackFideId "939935"]
[WhiteElo "2369"]
[BlackElo "2261"]
[Result "1-0"]
[Round "04"]
[TimeControl "180+2"]
[Date "2023.01.17"]
[WhiteClock "0:00:55"]
[BlackClock "0:00:13"]

1. g3 h5 2. Nf3 g6 3. Bg2 Bg7 4. d4 d5 5. c3 Nf6 6. Bf4 a6 7. Nbd2 Kf8 8. h3 b6 9. a4 a5 10. O-O c6 11. Re1 Bf5 12. Nh4 Qc8 13. Nxf5 gxf5 14. h4 Bh6 15. e3 Nbd7 16. c4 e6 17. Bd6+ Kg8 18. Rc1 Bf8 19. Bf4 Bb4 20. cxd5 exd5 21. Qc2 Nf8 22. Red1 c5 23. dxc5 bxc5 24. Be5 Qe6 25. Bxf6 Qxf6 26. Bxd5 Ra6 27. Nf3 Kg7 28. Bc4 Rb6 29. Rd5 Rb7 30. Rcd1 Ng6 31. Rxf5 Qb6 32. Ng5 Rf8 33. b3 Re7 34. Qb2+ Kh6 35. Rf6 Qc7 36. Rdd6 Qb8 37. Nxf7+ Rexf7 38. Rxg6+ Kh7 39. Rh6+ 1-0


[Site "https://www.chess.com"]

[Event "Titled Tuesday Blitz January 17 Early 2023"]
[White "Ezat, Mohamed"]
[Black "Tsaruk, Maksim"]
[WhiteFideId "10600906"]
[BlackFideId "13511173"]
[WhiteElo "2402"]
[BlackElo "2373"]
[Result "0-1"]
[Round "04"]
[TimeControl "180+2"]
[Date "2023.01.17"]
[WhiteClock "0:00:01"]
[BlackClock "0:00:04"]

1. d4 d5 2. Nf3 c6 3. c4 Nf6 4. Nc3 e6 5. e3 Nbd7 6. Bd3 dxc4 7. Bxc4 b5 8. Bd3 a6 9. e4 Bb7 10. e5 Nd5 11. Nxd5 cxd5 12. O-O Be7 13. a4 bxa4 14. Qxa4 Qb6 15. Bg5 Bxg5 16. Nxg5 Bc6 17. Qd1 Qxb2 18. Qf3 Rf8 19. Nxh7 Qxd4 20. Nxf8 Nxe5 21. Qg3 Nxd3 22. Nh7 Bb5 23. Ng5 Nf4 24. Kh1 Bxf1 25. Rxf1 Rc8 26. Nf3 Qd3 27. Rg1 Ng6 28. Qd6 Qb5 29. Re1 Rc6 30. Qg3 Qb4 31. Rg1 a5 32. Qh3 a4 33. Ng5 a3 34. Qh7 Qf8 35. Ra1 a2 36. h4 Qa3 37. h5 Rc1+ 0-1


[Site "https://www.chess.com"]

[Event "Titled Tuesday Blitz January 17 Early 2023"]
[White "Yuan, Qingyu"]
[Black "Mammadzada, Gunay"]
[WhiteFideId "8609772"]
[BlackFideId "13403729"]
[WhiteElo "2373"]
[BlackElo "2449"]
[Result "0-1"]
[Round "04"]
[TimeControl "180+2"]
[Date "2023.01.17"]
[WhiteClock "0:00:27"]
[BlackClock "0:00:48"]

1. e4 c5 2. Nf3 d6 3. Bb5+ Bd7 4. Bxd7+ Qxd7 5. c4 Nf6 6. Nc3 e5 7. d3 g6 8. a3 Bg7 9. b4 O-O 10. Bg5 Nc6 11. Rb1 Nd4 12. Bxf6 Bxf6 13. Nxd4 cxd4 14. Nd5 Bg7 15. O-O f5 16. Re1 Rac8 17. Rb2 fxe4 18. Rxe4 Rf7 19. a4 Rcf8 20. a5 Bh6 21. Ra2 Bg5 22. Qg4 Qxg4 23. Rxg4 Be3 24. h3 Bxf2+ 25. Kh2 Kg7 26. Re4 h5 27. h4 Kh6 28. c5 dxc5 29. bxc5 Rf5 30. Rae2 g5 31. hxg5+ Rxg5 32. Rxe5 Bg3+ 33. Kh3 Bxe5 0-1


[Site "https://www.chess.com"]

[Event "Titled Tuesday Blitz January 17 Early 2023"]
[White "Borges Feria, Yasel"]
[Black "Reprintsev, Alexander"]
[WhiteFideId "3504921"]
[BlackFideId "14100541"]
[WhiteElo "2439"]
[BlackElo "2253"]
[Result "1-0"]
[Round "04"]
[TimeControl "180+2"]
[Date "2023.01.17"]
[WhiteClock "0:00:10"]
[BlackClock "0:01:00"]

1. d4 d5 2. c4 e5 3. dxe5 d4 4. Nf3 Nc6 5. Bf4 Nge7 6. Bg3 Ng6 7. a3 h5 8. h4 a5 9. e3 dxe3 10. Qxd8+ Nxd8 11. fxe3 Bc5 12. Nc3 Bxe3 13. Nd5 Bb6 14. c5 Be6 15. Bb5+ Kf8 16. Nxb6 cxb6 17. cxb6 Bd5 18. O-O-O Ne7 19. Rhf1 Rh6 20. Bf2 Re6 21. Rfe1 Ndc6 22. Nd4 Nxd4 23. Bxd4 Bxg2 24. Kb1 Nf5 25. Bc5+ Kg8 26. Rd7 Bc6 27. Bxc6 Rxc6 28. b4 axb4 29. axb4 Rb8 30. Rf1 Nh6 31. Rfd1 Kh7 32. Rd8 Rcc8 33. Rxc8 Rxc8 34. Rd7 Nf5 35. Rxb7 Nxh4 36. Rxf7 Ng6 37. e6 Ne5 38. b7 Rb8 39. Bd6 Rxb7 40. Rxb7 Nc4 41. Rd7 h4 42. e7 1-0


[Site "https://www.chess.com"]

[Event "Titled Tuesday Blitz January 17 Early 2023"]
[White "Aradhya, Garg"]
[Black "Womacka, Mathias"]
[WhiteFideId "25006746"]
[BlackFideId "4611390"]
[WhiteElo "2284"]
[BlackElo "2396"]
[Result "1-0"]
[Round "04"]
[TimeControl "180+2"]
[Date "2023.01.17"]
[WhiteClock "0:00:36"]
[BlackClock "0:00:45"]

1. d4 Nf6 2. Nf3 e6 3. Bg5 c5 4. e3 Qb6 5. Nc3 Qxb2 6. Nb5 Qb4+ 7. Nd2 Qa5 8. c3 d5 9. Nb3 Qd8 10. dxc5 Na6 11. Qd4 Bd7 12. Rd1 Rc8 13. Nxa7 Bxc5 14. Nxc5 Rxc5 15. Bxa6 Qa5 16. Bxf6 gxf6 17. Bb5 Qxa7 18. Bxd7+ Kxd7 19. Qxf6 Rf8 20. O-O Qxa2 21. e4 Qc4 22. Rd4 Qxc3 23. exd5 exd5 24. Rxd5+ Kc8 25. Qf5+ 1-0


[Site "https://www.chess.com"]

[Event "Titled Tuesday Blitz January 17 Early 2023"]
[White "Poeta, Caio Medeiros"]
[Black "Wagh Suyog"]
[WhiteFideId "2142660"]
[BlackFideId "25071688"]
[WhiteElo "2088"]
[BlackElo "2313"]
[Result "1-0"]
[Round "04"]
[TimeControl "180+2"]
[Date "2023.01.17"]
[WhiteClock "0:00:12"]
[BlackClock "0:01:33"]

1. d4 Nf6 2. c4 c5 3. Nf3 cxd4 4. Nxd4 e5 5. Nb5 d5 6. cxd5 a6 7. N5c3 Bc5 8. g3 O-O 9. Bg2 b5 10. O-O Bb7 11. a3 Nbd7 12. b4 Bd4 13. e3 Bb6 14. Bb2 Rc8 15. Nd2 Re8 16. Rc1 h5 17. Nde4 Bc7 18. Nc5 Nxc5 19. bxc5 Ba5 20. c6 Ba8 21. e4 Bb6 22. h3 Rf8 23. Kh2 h4 24. g4 Ne8 25. Ne2 Qe7 26. f4 exf4 27. Nxf4 Bc7 28. Kh1 b4 29. axb4 Qxb4 30. Qd4 Qxd4 31. Bxd4 Nd6 32. e5 Nb5 33. Bc5 Bxe5 34. Bxf8 Rxf8 35. Nd3 Bd6 36. Nc5 a5 37. Ne4 Be5 38. Rc5 Nd4 39. Rxa5 Ne2 40. Ra2 Nf4 41. Nc5 Bd6 42. Nd7 Re8 43. Nb6 Re3 44. Rxa8+ Kh7 45. Nc4 Re2 46. Nxd6 Nxg2 47. c7 Ne3 48. c8=Q 1-0


[Site "https://www.chess.com"]

[Event "Titled Tuesday Blitz January 17 Early 2023"]
[White "Mohammed, Dilshad"]
[Black "Gauri, Shankar"]
[WhiteFideId "5050421"]
[BlackFideId "5041350"]
[WhiteElo "2103"]
[BlackElo "2360"]
[Result "0-1"]
[Round "04"]
[TimeControl "180+2"]
[Date "2023.01.17"]
[WhiteClock "0:00:03"]
[BlackClock "0:00:29"]

1. Nf3 Nf6 2. d4 e6 3. e3 d5 4. Bd3 Bd6 5. Nbd2 c5 6. c3 O-O 7. O-O Nc6 8. e4 cxd4 9. cxd4 dxe4 10. Nxe4 Be7 11. Be3 b6 12. Nxf6+ Bxf6 13. Bxh7+ Kxh7 14. Qc2+ Kg8 15. Qxc6 Ba6 16. Rfe1 Rc8 17. Qa4 Bb7 18. Qd1 Qd5 19. Qe2 Rfd8 20. a3 Qb3 21. Rac1 Bxf3 22. gxf3 Rxc1 23. Rxc1 Bxd4 24. Bxd4 Rxd4 25. Rc8+ Kh7 26. Qc2+ Qxc2 27. Rxc2 Rd3 28. Rc7 Kg6 29. Rxa7 Rb3 30. Rb7 Rxb2 31. a4 Rb4 32. Kg2 Kf6 33. f4 Rxf4 34. Rxb6 Rxa4 35. Rb5 g5 36. Kg3 Ra3+ 37. Kg2 Kg6 38. Rb6 g4 39. Rb8 f5 40. Rg8+ Kf6 41. Rf8+ Ke5 42. Re8 Rb3 43. Re7 Kf6 44. Re8 e5 45. Rf8+ Kg5 46. Rc8 Rb2 47. Rc5 Kf4 48. Rc4+ Kg5 49. Rc8 e4 50. Re8 Re2 51. Re7 Re1 52. Re8 f4 53. h3 f3+ 54. Kh2 e3 55. Kg3 exf2 56. Kxf2 Rxe8 57. hxg4 Kxg4 0-1


[Site "https://www.chess.com"]

[Event "Titled Tuesday Blitz January 17 Early 2023"]
[White "Boder, Jan"]
[Black "Sadubayev, Airat"]
[WhiteFideId "16243226"]
[BlackFideId "13713264"]
[WhiteElo "2294"]
[BlackElo "2320"]
[Result "1/2-1/2"]
[Round "04"]
[TimeControl "180+2"]
[Date "2023.01.17"]
[WhiteClock "0:00:03"]
[BlackClock "0:00:10"]

1. c4 c6 2. g3 d5 3. Nf3 Nf6 4. Bg2 dxc4 5. O-O Nbd7 6. a4 a5 7. b3 cxb3 8. Qxb3 e6 9. d4 Be7 10. Nc3 c5 11. Rd1 O-O 12. Ba3 cxd4 13. Rxd4 Bxa3 14. Qxa3 Qb6 15. Rad1 Re8 16. Nb5 Nd5 17. e4 Nb4 18. Rxd7 Bxd7 19. Rxd7 Rad8 20. Rxd8 Rxd8 21. Bf1 Qc6 22. Qe3 h6 23. Nfd4 Qc5 24. h4 Nc6 25. Nxc6 Qxe3 26. fxe3 bxc6 27. Nd4 Rc8 28. Bc4 e5 29. Nf5 Kf8 30. Nd6 Rc7 31. Kf2 Rd7 32. Nc8 Rd2+ 33. Kf3 Rc2 34. Nb6 Ke7 35. g4 Kd6 36. Bxf7 Kc5 37. Nd7+ Kd6 38. Nb6 Kc5 39. Nd7+ Kd6 40. Nb6 1/2-1/2


[Site "https://www.chess.com"]

[Event "Titled Tuesday Blitz January 17 Early 2023"]
[White "Csonka, Balazs"]
[Black "Tokhirjonova, Gulrukhbegim"]
[WhiteFideId "742910"]
[BlackFideId "14203626"]
[WhiteElo "2496"]
[BlackElo "2340"]
[Result "1-0"]
[Round "04"]
[TimeControl "180+2"]
[Date "2023.01.17"]
[WhiteClock "0:00:31"]
[BlackClock "0:00:03"]

1. e4 e5 2. Nf3 Nc6 3. Bc4 Nf6 4. d4 exd4 5. e5 d5 6. Bb5 Nd7 7. O-O Bc5 8. Bxc6 bxc6 9. Bg5 Be7 10. Bxe7 Qxe7 11. Nxd4 O-O 12. Nxc6 Qe6 13. Qxd5 Qxd5 14. Ne7+ Kh8 15. Nxd5 Nxe5 16. Nxc7 Rb8 17. b3 Bf5 18. c4 Rfc8 19. Nd5 Be6 20. Nbc3 a5 21. Rad1 g6 22. Rfe1 Nc6 23. Nb5 a4 24. Nf4 Bg4 25. f3 Be6 26. Nxe6 fxe6 27. Rxe6 axb3 28. axb3 Na5 29. Rd7 Re8 30. Ra6 Nxb3 31. Raa7 h5 32. Rh7+ Kg8 33. Rag7+ Kf8 34. Nc7 Re1+ 35. Kf2 Rd1 36. Ne6+ 1-0


[Site "https://www.chess.com"]

[Event "Titled Tuesday Blitz January 17 Early 2023"]
[White "Wahedi, Ahmad Siar"]
[Black "Kleiman, Jake"]
[WhiteFideId "4651260"]
[BlackFideId "2020041"]
[WhiteElo "2274"]
[BlackElo "2399"]
[Result "0-1"]
[Round "04"]
[TimeControl "180+2"]
[Date "2023.01.17"]
[WhiteClock "0:01:30"]
[BlackClock "0:01:36"]

1. e4 e5 2. Nf3 Nc6 3. Bb5 a6 4. Ba4 Nf6 5. O-O b5 6. Bb3 Bc5 7. c3 d6 8. d4 Bb6 9. h3 h6 10. Re1 O-O 11. a4 Bb7 12. d5 Ne7 13. a5 Ba7 14. Nbd2 Ng6 15. Nf1 c6 16. dxc6 Bxc6 17. Ng3 Qc7 18. Be3 Bxe3 19. Rxe3 Rad8 20. Qc2 d5 21. exd5 Nxd5 22. Ree1 Ndf4 23. Ne4 Kh8 24. h4 f5 25. Ned2 Nxg2 26. Kxg2 Nxh4+ 27. Kg3 Nxf3 28. Nxf3 e4+ 29. Kh3 exf3 30. Rg1 Qf4 31. Rad1 Be4 32. Qc1 Qxc1 33. Rxc1 Rd2 0-1


[Site "https://www.chess.com"]

[Event "Titled Tuesday Blitz January 17 Early 2023"]
[White "Mamedov, Edgar"]
[Black "Dixit, Nikhil"]
[WhiteFideId "13739980"]
[BlackFideId "5059534"]
[WhiteElo "2193"]
[BlackElo "2257"]
[Result "1-0"]
[Round "04"]
[TimeControl "180+2"]
[Date "2023.01.17"]
[WhiteClock "0:00:26"]
[BlackClock "0:00:46"]

1. d4 Nf6 2. Bg5 g6 3. Bxf6 exf6 4. e3 f5 5. g3 h5 6. Nf3 h4 7. Nxh4 c5 8. Nf3 Bg7 9. Bg2 Qb6 10. Qc1 cxd4 11. Nxd4 Bxd4 12. exd4 Qxd4 13. O-O O-O 14. Nc3 Nc6 15. Rd1 Qg7 16. Nd5 d6 17. c3 Be6 18. Qf4 Ne5 19. Ne7+ Kh8 20. Qh4+ Qh7 21. Qxh7+ Kxh7 22. Rxd6 Nc4 23. Rd4 Nxb2 24. Bxb7 Rab8 25. Bd5 Bxd5 26. Nxd5 Rfd8 27. Ne3 Rxd4 28. cxd4 Rd8 29. d5 Rd6 30. Rb1 Na4 31. Rb7 Kg7 32. Rxa7 Nc3 33. Ra5 Kf6 34. a3 g5 35. Kg2 f4 36. gxf4 gxf4 37. Nc4 Rxd5 38. Rxd5 Nxd5 39. Kf3 Kg5 40. a4 Nb4 41. a5 f6 42. h4+ Kxh4 43. Kxf4 Kh3 44. Ke4 Kg2 45. f4 Kg3 46. f5 Kg4 47. Ne3+ Kg5 48. Nd5 Na6 49. Ne7 Kg4 50. Kd5 Kf4 51. Kc6 Ke5 52. Kb6 Nb8 53. Nc6+ Nxc6 54. Kxc6 Kxf5 55. a6 Ke4 56. a7 f5 57. a8=Q f4 58. Kc5+ Ke3 59. Qe8+ Kf2 60. Kd4 f3 61. Qe3+ Kg2 62. Qg5+ Kh2 63. Ke3 f2 64. Kxf2 Kh1 65. Qg2# 1-0


[Site "https://www.chess.com"]

[Event "Titled Tuesday Blitz January 17 Early 2023"]
[White "Tologon tegin, Semetei"]
[Black "Jaskolka, Tomasz"]
[WhiteFideId "13800574"]
[BlackFideId "1170791"]
[WhiteElo "2372"]
[BlackElo "2238"]
[Result "1-0"]
[Round "04"]
[TimeControl "180+2"]
[Date "2023.01.17"]
[WhiteClock "0:00:10"]
[BlackClock "0:00:05"]

1. Nf3 d5 2. g3 Nf6 3. Bg2 c6 4. O-O g6 5. b3 Bg7 6. Bb2 O-O 7. c4 Bg4 8. d3 e6 9. Nbd2 Bxf3 10. Nxf3 Nbd7 11. Rc1 a5 12. a3 Re8 13. Qc2 Qb6 14. Bc3 e5 15. cxd5 cxd5 16. e3 a4 17. b4 Qb5 18. Rfd1 Rac8 19. Qb2 Ng4 20. h3 Nh6 21. Qa2 Nf5 22. e4 Ne7 23. exd5 Nxd5 24. Bb2 N5b6 25. Ng5 Rf8 26. Rxc8 Nxc8 27. Bd5 Nd6 28. Bc4 Qc6 29. b5 Qc5 30. Rc1 Qb6 31. Bc3 Nxc4 32. Qxc4 h6 33. Ne4 Kh7 34. Bb4 Rd8 35. Qxf7 Qxb5 36. Nd6 Qxd3 37. Qe7 e4 38. Qxd8 e3 39. Rf1 exf2+ 40. Kg2 Qd5+ 41. Kh2 Qd4 42. Qh4 Qd5 43. Rxf2 Ne5 44. Qf4 Nd3 45. Qd2 Qd4 46. Rg2 Qd5 47. Qe2 Nxb4 48. axb4 Qxd6 49. Qc4 Qd7 50. b5 b6 51. h4 Qd6 52. Re2 Bf6 53. Qe4 h5 54. Qb7+ Kh6 55. Qc6 Qxc6 56. bxc6 Bd8 57. Rd2 Bc7 58. Rd7 Be5 59. c7 a3 60. c8=Q a2 61. Ra7 a1=Q 62. Qf8+ Bg7 63. Qf4+ g5 64. Qxg5+ Kh7 65. Rxa1 Bxa1 66. Qxh5+ Kg8 67. Qg6+ Bg7 68. Qxb6 Kh7 69. Qb3 Kh6 70. Kh3 Bf6 71. g4 Kg6 72. g5 Be5 73. Kg4 Bd6 74. h5+ Kh7 75. Qb7+ Kh8 76. Kf5 Bf8 77. h6 Kg8 78. Kg6 Kh8 79. Qh7# 1-0


[Site "https://www.chess.com"]

[Event "Titled Tuesday Blitz January 17 Early 2023"]
[White "Fiorito, Joaquin"]
[Black "Albertini, Luca"]
[WhiteFideId "180173"]
[BlackFideId "847038"]
[WhiteElo "2405"]
[BlackElo "2084"]
[Result "1/2-1/2"]
[Round "04"]
[TimeControl "180+2"]
[Date "2023.01.17"]
[WhiteClock "0:00:24"]
[BlackClock "0:00:05"]

1. d4 d6 2. e4 Nf6 3. Nc3 g6 4. Be3 Bg7 5. Qd2 O-O 6. Bh6 Nc6 7. Nf3 e5 8. Bxg7 Kxg7 9. d5 Ne7 10. h4 c5 11. O-O-O h5 12. Ng5 a6 13. f4 Bg4 14. fxe5 dxe5 15. Be2 b5 16. Bxg4 Nxg4 17. Kb1 Qd6 18. Rhf1 f5 19. Ne6+ Kh7 20. Nxf8+ Rxf8 21. exf5 gxf5 22. Qg5 Nf6 23. Ne2 Rg8 24. Qe3 Ng4 25. Qd2 Rf8 26. Ng3 f4 27. Ne4 Qg6 28. Ng5+ Kh6 29. d6 Nf5 30. d7 Nd4 31. Kc1 Rd8 32. c3 Rxd7 33. Qd3 Qxd3 34. Rxd3 Nb3+ 35. Kc2 Rxd3 36. Kxd3 c4+ 37. Ke4 Nc5+ 38. Kd5 Ne3+ 39. Kxc5 Nxf1 40. Nf7+ Kg6 41. Nxe5+ Kf5 42. Nf3 Ne3 43. Kb6 Nxg2 44. Kxa6 Kg4 45. Ne5+ Kxh4 46. Ka5 Kg3 47. Kxb5 h4 48. a4 h3 49. a5 h2 50. a6 h1=Q 51. a7 Qh8 52. Nxc4 Qa8 53. Ka6 Qc6+ 54. Nb6 f3 55. a8=Q Qxa8+ 56. Nxa8 f2 57. b4 f1=Q+ 58. b5 Qa1+ 59. Kb7 Ne3 60. b6 Nd5 61. Nc7 Nxc3 62. Kc6 Qa4+ 63. Kc5 Qa5+ 64. Kc6 Qa4+ 65. Kc5 Ne4+ 66. Kd5 Nf6+ 67. Kc5 Nd7+ 68. Kd6 Qb4+ 69. Kxd7 Qxb6 70. Nd5 Qd4 71. Ke6 Kf3 72. Ne7 Qe4+ 73. Kd6 Kf4 74. Nd5+ Kf5 75. Ne7+ Kf6 76. Nd5+ Kf7 77. Nc7 Qe7+ 78. Kc6 Qf6+ 79. Kd7 Qf5+ 80. Kd6 Qd3+ 81. Nd5 Qd4 82. Kc6 Ke6 83. Nc7+ Ke7 84. Nd5+ Kd8 85. Kd6 Qh4 86. Ke5 Qh5+ 87. Kd6 Ke8 88. Nf6+ Kf7 89. Nxh5 1/2-1/2


[Site "https://www.chess.com"]

[Event "Titled Tuesday Blitz January 17 Early 2023"]
[White "Dudzinski, Pawel"]
[Black "Williams, Simon K"]
[WhiteFideId "1117890"]
[BlackFideId "404454"]
[WhiteElo "2186"]
[BlackElo "2465"]
[Result "0-1"]
[Round "04"]
[TimeControl "180+2"]
[Date "2023.01.17"]
[WhiteClock "0:00:50"]
[BlackClock "0:00:35"]

1. e4 c5 2. c4 Nc6 3. Nc3 g6 4. g3 Bg7 5. Bg2 d6 6. Rb1 Nf6 7. Nge2 O-O 8. a3 a5 9. d3 Ne8 10. Be3 Nc7 11. d4 cxd4 12. Nxd4 Ne6 13. Nxc6 bxc6 14. O-O Ba6 15. Qd3 Nc5 16. Bxc5 dxc5 17. Qe2 Qd4 18. Rfd1 Qxc4 19. Qxc4 Bxc4 20. Rbc1 Rab8 21. Rd2 Bb3 22. Ne2 Rfd8 23. Rxd8+ Rxd8 24. Rxc5 Bxb2 25. Rxa5 Rd1+ 26. Bf1 Bc4 27. Kg2 Ra1 28. Rc5 Bb5 29. a4 Rxa4 30. Nc3 Bxc3 31. Rxc3 Rxe4 32. Rc5 Bxf1+ 33. Kxf1 Re6 34. Kg2 h5 35. h4 Kf8 36. Ra5 Ke8 37. Ra7 Kd8 38. f4 c5 39. Ra8+ Kd7 40. Rf8 c4 41. Ra8 c3 42. Ra2 Rc6 43. Rc2 Ke6 44. Rxc3 Rxc3 0-1


[Site "https://www.chess.com"]

[Event "Titled Tuesday Blitz January 17 Early 2023"]
[White "Fernandez Garcia, Gumersindo"]
[Black "Guliev, Logman"]
[WhiteFideId "24516740"]
[BlackFideId "13400061"]
[WhiteElo "2160"]
[BlackElo "2250"]
[Result "0-1"]
[Round "04"]
[TimeControl "180+2"]
[Date "2023.01.17"]
[WhiteClock "0:00:15"]
[BlackClock "0:00:13"]

1. e4 e5 2. Nf3 Nc6 3. d4 exd4 4. Bc4 Nf6 5. O-O Nxe4 6. Re1 d5 7. Bxd5 Qxd5 8. Nc3 Qa5 9. Rxe4+ Be6 10. Nxd4 O-O-O 11. Be3 Bf5 12. Rf4 Nxd4 13. Rxd4 Bc5 14. Rxd8+ Rxd8 15. Qe2 Bxe3 16. fxe3 Qe5 17. Rf1 g6 18. h3 h5 19. e4 Be6 20. a3 Rd4 21. Qf2 a6 22. Kh1 Qd6 23. Qe3 Rd2 24. Rf2 Rd4 25. Rf1 Qd7 26. Rf2 Bc4 27. Qf3 Kb8 28. Qe3 b6 29. b3 Be6 30. a4 Qd6 31. Rf1 Qc5 32. Rf2 Qe5 33. Rf1 f5 34. Re1 f4 35. Qf3 Rd2 36. Re2 Rd4 37. Re1 g5 38. Rd1 g4 39. hxg4 hxg4 40. Qe2 f3 41. gxf3 gxf3 42. Qxf3 Ka7 43. Rxd4 Qxd4 44. Nd1 Qd2 45. Nf2 Qxc2 46. e5 Qxb3 47. Qxb3 Bxb3 48. a5 bxa5 49. Nd3 a4 50. Nc5 Bc2 51. e6 a3 52. e7 Bg6 53. Kg2 a2 54. Nb3 a5 55. Kf2 a4 56. Na1 Kb7 57. Ke3 Kc8 58. Kd4 Kd7 59. Kc3 Kxe7 60. Kb4 Kd6 61. Kxa4 Bf7 62. Ka3 Kc5 63. Kb2 Kb4 64. Nc2+ Ka4 65. Na1 Be6 66. Nc2 Bb3 67. Nd4 Bc4 68. Nf5 Kb4 69. Ne3 Be6 70. Nc2+ Kc5 71. Ne3 Kd4 72. Nc2+ Kd3 73. Nb4+ Kd2 74. Na6 c6 75. Nc5 Bd5 76. Nd7 Kd3 77. Ka1 Kc3 78. Nb6 Be6 79. Na4+ Kb4 80. Nb6 c5 81. Kb2 Kb5 82. Na8 Kc6 83. Ka1 Kb7 84. Nc7 Kxc7 85. Kb2 Kc6 86. Ka1 Kb5 87. Kb2 Kc4 88. Ka1 Kd3 89. Kb2 Kd2 90. Ka1 c4 91. Kb2 c3+ 92. Ka1 c2 93. Kb2 c1=Q# 0-1


[Site "https://www.chess.com"]

[Event "Titled Tuesday Blitz January 17 Early 2023"]
[White "Tarlabasi, Emirhan"]
[Black "Gatterer, Florian"]
[WhiteFideId "6350275"]
[BlackFideId "811688"]
[WhiteElo "2300"]
[BlackElo "2170"]
[Result "1-0"]
[Round "04"]
[TimeControl "180+2"]
[Date "2023.01.17"]
[WhiteClock "0:00:15"]
[BlackClock "0:00:08"]

1. d4 d5 2. c4 c6 3. g3 Nf6 4. Nd2 g6 5. Bg2 Bg7 6. Ngf3 O-O 7. O-O Bf5 8. Qb3 Qb6 9. cxd5 Qxb3 10. Nxb3 cxd5 11. Bf4 Nc6 12. Rfc1 Nh5 13. Be3 Nb4 14. Ne1 Nf6 15. Rc7 b6 16. a3 Na6 17. Rxe7 Rfc8 18. Bg5 Ne4 19. Bxe4 Bxe4 20. f3 Bf5 21. e4 Be6 22. e5 Bf8 23. Rb7 Bf5 24. Rc1 Rxc1 25. Nxc1 Bc8 26. Re7 Bxe7 27. Bxe7 Bf5 28. Bd6 Rc8 29. Ne2 Nc7 30. g4 Be6 31. Nc3 Ne8 32. Be7 Rc7 33. Bg5 a6 34. Nd3 Rc4 35. Be3 Nc7 36. Nb4 a5 37. Nba2 Rc6 38. Kf2 b5 39. Ke2 Rb6 40. b4 axb4 41. Nxb4 Rb8 42. Kd3 Ra8 43. Nb1 Na6 44. Nc2 Rb8 45. Bd2 Nc7 46. Bb4 Na6 47. Nc3 Nxb4+ 48. Nxb4 Ra8 49. Nxb5 Bd7 50. Nc7 Rxa3+ 51. Ke2 Be6 52. Ncxd5 Bxd5 53. Nxd5 Ra4 54. Nf6+ Kg7 55. Ke3 h6 56. h4 Ra3+ 57. Ke4 Ra4 58. g5 hxg5 59. hxg5 Rb4 60. Kd5 Rb5+ 61. Kd6 Rb4 62. d5 Rf4 63. Ke7 Rxf3 64. d6 Re3 65. Ng4 Re4 66. d7 Rd4 67. d8=Q 1-0


[Site "https://www.chess.com"]

[Event "Titled Tuesday Blitz January 17 Early 2023"]
[White "Qashashvili, Alexandre"]
[Black "Maksimenko, Viktor"]
[WhiteFideId "13600842"]
[BlackFideId "13710478"]
[WhiteElo "2505"]
[BlackElo "2196"]
[Result "0-1"]
[Round "04"]
[TimeControl "180+2"]
[Date "2023.01.17"]
[WhiteClock "0:00:35"]
[BlackClock "0:01:18"]

1. e4 e5 2. Bc4 Nc6 3. d3 Nf6 4. Nf3 Be7 5. h3 d6 6. a3 O-O 7. Nc3 h6 8. Nd5 Be6 9. Nxe7+ Qxe7 10. Bxe6 fxe6 11. Be3 Kh7 12. O-O Rf7 13. c3 Raf8 14. Nh2 Nd7 15. Qd2 Qh4 16. f3 a6 17. Bf2 Qh5 18. Bg3 Qg6 19. Bh4 Nc5 20. Rae1 a5 21. Kh1 a4 22. Ng4 Qh5 23. Bg3 b6 24. d4 exd4 25. cxd4 Nb3 26. Qd3 Ncxd4 27. e5+ Qf5 28. Qxf5+ Nxf5 29. Bh2 d5 30. Rf2 c5 31. Ne3 Nxe3 32. Rxe3 Nd4 33. Rd2 g5 34. Bg3 Nf5 35. Bf2 Nxe3 36. Bxe3 d4 37. Bf2 Rf5 38. Bg3 Ra8 39. Kg1 Kg6 40. Rc2 Kf7 41. Kf2 Ke7 42. Ke2 Kd7 43. Kd3 Kc6 44. Ke4 Raf8 45. Bf2 Rf4+ 46. Kd3 Kd5 47. Bg3 Rxf3+ 48. gxf3 Rxf3+ 49. Ke2 Rxg3 50. Kf2 Rxh3 51. Kg2 Re3 52. Rf2 d3 53. Kg1 Re1+ 54. Kg2 Re2 55. Rxe2 dxe2 56. Kf2 Kxe5 57. Kxe2 Kd4 58. Kd2 g4 59. Ke2 h5 60. Kf2 h4 61. Kg2 e5 62. Kh2 e4 63. Kg2 Kc4 64. Kf1 Kb3 65. Ke2 Kxb2 66. Ke3 h3 67. Kxe4 h2 0-1


[Site "https://www.chess.com"]